Cogmind - Beta 12 X4 @@@ ROGUE MODE // 2022.10.29 @ 19:18:23 Player: cptwinky Result: Destroyed 0B10! Performance ------------- Evolutions (9) 4500 Regions Visited (20) 4000 Robots Destroyed (194) 970 Value Destroyed (8614) 8614 Prototype IDs (54) 1080 Alien Tech Used (3) 600 Bonus (15772) 15772 TOTAL SCORE: 35536 Bonus ------- High Alert Combat Kills 933 Follower Combat Kills 1808 Network Hubs Disabled 200 Aligned with FarCom 300 Built Enhanced Grunts 300 Met R17 at Cetus 500 Used Core Reset Matrix 3000 Met R17 at Research 2000 Met Sigix 2000 Escaped with Sigix 5000 Win 3000 Friendly Fire -3269 Cogmind --------- Core Integrity 1521/1600 Matter 241/300 Energy 659/750 System Corruption 7% Temperature Cool (15) Movement Walking (117) Location Tau Ceti IV Orbit Parts ------- > --- POWER (3) -------- F-cell Engine Reinforced Quantum Reactor > --- PROPULSION (8) --- Myomer Leg Myomer Leg Myomer Leg Myomer Leg Enhanced Biometal Leg Centrium Leg Centrium Leg Centrium Leg > --- UTILITY (12) ----- Experimental Heat Sink High-capacity Storage Unit Advanced Visual Processing Unit Advanced Signal Interpreter Improved Melee Analysis Suite Advanced Melee Analysis Suite Core Analyzer Advanced Force Field Improved Hacking Suite Improved Hacking Suite Improved System Shield > --- WEAPON (2) ------- Heavy Proton Missile Launcher Phasing Sabre > --- INVENTORY (20) --- Light Antimatter Reactor Particle Reactor Micro Antimatter Reactor Light Quantum Reactor Advanced Trap Scanner Advanced Sensor Array Advanced Force Field Improved System Restoration Module High-powered Transdimensional Reconstructor Subatomic Replicator Advanced Variable Charge Gun Compact HERF Cannon Heavy Linear Accelerator Advanced Datajack Sigix Containment Pod Peak State ------------ > --- POWER ------------ F-cell Engine Light Particle Reactor Reinforced Quantum Reactor > --- PROPULSION ------- Myomer Leg Myomer Leg Myomer Leg Myomer Leg Enhanced Biometal Leg Centrium Leg Centrium Leg Centrium Leg > --- UTILITY ---------- Experimental Heat Sink High-capacity Storage Unit Advanced Visual Processing Unit Advanced Signal Interpreter Improved Melee Analysis Suite Advanced Melee Analysis Suite Advanced Transmission Jammer Layered Heavy Armor Plating Advanced Force Field Improved Hacking Suite Improved System Shield > --- WEAPON ----------- Centrium Greatsword > --- INVENTORY -------- Light Antimatter Reactor Particle Reactor Light Quantum Reactor Advanced Trap Scanner Improved Hacking Suite Improved System Restoration Module High-powered Transdimensional Reconstructor Subatomic Replicator Advanced Variable Charge Gun Compact HERF Cannon Heavy Linear Accelerator Heavy Proton Missile Launcher Advanced Datajack Field Lobotomy Kit Phasing Sabre Sigix Containment Pod [Rating: 180] Favorites ----------- Power Ion Engine Engine Ion Engine Power Core Light Fission Core Reactor Light Particle Reactor Propulsion Aluminum Leg Leg Aluminum Leg Utility Salvage Targeting Computer Device Advanced Transmission Jammer Storage Medium Storage Unit Processor Salvage Targeting Computer Hackware Improved Hacking Suite Protection Centrium Medium Armor Plating Weapon Flail Energy Gun Advanced Variable Charge Gun Energy Cannon Improved EM Pulse Cannon Ballistic Gun Light Assault Rifle Launcher YI-UF0's Doublenader Special Weapon Field Lobotomy Kit Impact Weapon Flail Slashing Weapon Longsword +1 Special Melee Weapon Improved Datajack Build | -11 -10 -10 -10 -9 -8 -8 -8 -6 -6 -6 -6 -6 -5 -4 -4 -4 -3 -3 -2 -1 ------- Run | Scr Mat Min Exi Min Mat Sto Rec Fac Ext Cet Arc Hub Fac Fac Upp Upp Res Qua Res Acc Slots Evolved 18 | . . . . . 4 . . 4 . . . . 2 2 . . 2 . 2 2 Power 2 | . . . . . . . . . . . . . 1 . . . . . . 1 Propulsion 6 | . . . . . 1 . . 2 . . . . . 1 . . 1 . 1 . Utility 10 | . . . . . 3 . . 2 . . . . 1 1 . . 1 . 1 1 Weapon . | . . . . . . . . . . . . . . . . . . . . . Parts Attached 202 | . 3 1 3 . 10 23 3 12 26 6 5 7 8 11 1 3 11 22 29 18 Power 17 | . . . . . 1 4 . . 1 . . . 1 1 . 1 2 3 2 1 Engine 7 | . . . . . 1 4 . . 1 . . . . . . . . 1 . . Core 4 | . . . . . . . . . . . . . 1 1 . 1 1 . . . Reactor 6 | . . . . . . . . . . . . . . . . . 1 2 2 1 Propulsion 40 | . . . 2 . 1 1 1 2 8 1 3 3 1 2 . 1 2 4 8 . Treads . | . . . . . . . . . . . . . . . . . . . . . Leg 40 | . . . 2 . 1 1 1 2 8 1 3 3 1 2 . 1 2 4 8 . Wheel . | . . . . . . . . . . . . . . . . . . . . . Hover . | . . . . . . . . . . . . . . . . . . . . . Flight . | . . . . . . . . . . . . . . . . . . . . . Utility 83 | . 1 1 . . 8 7 . 10 4 2 1 1 4 4 1 1 3 12 13 10 Device 43 | . . . . . 2 4 . 5 . . 1 . 4 3 . 1 3 8 7 5 Storage 2 | . . 1 . . 1 . . . . . . . . . . . . . . . Processor 17 | . 1 . . . 1 2 . 2 1 . . . . . 1 . . 2 5 2 Hackware 5 | . . . . . 1 . . 1 . . . . . . . . . . . 3 Protection 16 | . . . . . 3 1 . 2 3 2 . 1 . 1 . . . 2 1 . Artifact . | . . . . . . . . . . . . . . . . . . . . . Weapon 62 | . 2 . 1 . . 11 2 . 13 3 1 3 2 4 . . 4 3 6 7 Energy Gun 1 | . . . . . . . . . . 1 . . . . . . . . . . Energy Cannon 4 | . . . . . . 1 . . . 2 . . . . . . . . . 1 Ballistic Gun 2 | . . . . . . 1 . . . . . 1 . . . . . . . . Ballistic Cannon . | . . . . . . . . . . . . . . . . . . . . . Launcher 11 | . . . . . . 2 . . 2 . . . . 1 . . 1 1 1 3 Special Weapon 4 | . . . . . . . . . . . . . 1 . . . . . 2 1 Impact Weapon 3 | . 2 . . . . . 1 . . . . . . . . . . . . . Slashing Weapon 28 | . . . 1 . . 5 . . 7 . 1 1 1 3 . . 2 2 3 2 Piercing Weapon . | . . . . . . . . . . . . . . . . . . . . . Special Melee Weapon 9 | . . . . . . 2 1 . 4 . . 1 . . . . 1 . . . Unidentified Prototypes 17 | . . . . . 1 4 . . . 2 2 1 1 1 . . 1 2 2 . Corrupted Parts 1 | . . . . . . . . . . . . 1 . . . . . . . . System Corruption 1 | . . . . . . . . . . . . 1 . . . . . . . . Parts Lost 22 | . . . . . . 1 . 1 3 . . . . 1 . . . 6 6 4 Power 3 | . . . . . . . . . . . . . . . . . . 2 . 1 Propulsion 2 | . . . . . . . . . 1 . . . . . . . . . 1 . Utility 13 | . . . . . . 1 . 1 2 . . . . . . . . 2 5 2 Weapon 4 | . . . . . . . . . . . . . . 1 . . . 2 . 1 Highest Loss Streak 3 | . . . . . . 1 . 1 1 . . . . 1 . . . 2 3 2 To Critical Strikes 1 | . . . . . . . . . . . . . . . . . . . . 1 Average Slot Usage (%) 99 | . 92 100 100 100 98 90 100 96 99 100 100 99 100 97 100 99 92 97 89 90 Engine 12 | . 14 14 14 14 9 8 9 6 6 6 6 6 5 5 5 . . . 4 4 Leg 28 | . 28 28 28 28 26 27 27 33 33 33 33 33 29 30 31 31 28 33 33 32 Device 1 | . . . . . 7 7 27 17 1 . 3 3 10 10 10 14 15 18 8 10 Storage 12 | . 14 14 14 14 9 9 9 6 6 6 6 6 5 5 5 5 4 4 4 4 Processor 14 | . 7 14 14 14 13 9 9 7 20 20 20 20 17 15 15 10 9 10 23 16 Protection 1 | . . . . . 5 11 . 5 18 20 16 15 11 13 15 15 14 11 5 3 Impact Weapon 24 | . 18 28 27 14 9 9 . 6 3 . . . . . . . . . . . Slashing Weapon 1 | . . . . 14 9 7 9 6 8 7 10 12 10 9 10 10 8 8 3 3 Naked Turns . | . . . . . . . . . . . . . . . . . . . . . Heaviest Build 144 | 12 14 19 20 20 57 72 70 76 73 83 83 79 85 89 89 89 95 103 123 144 Greatest Support 221 | 20 20 20 60 60 75 75 75 105 110 110 110 123 123 139 139 137 172 191 221 220 Greatest Overweight (x) 1 | . . . 1 . . . . . . . . . . . . . . . . . Average Overweight (x) . | . . . . . . . . . . . . . . . . . . . . . Largest Inventory Capacity 20 | 8 8 10 10 10 20 20 20 20 20 20 20 20 20 20 20 20 20 20 20 20 Average Capacity 11 | 8 8 9 10 10 19 20 20 20 20 20 20 20 20 20 20 20 20 20 20 20 Most Carried 20 | 6 8 9 10 10 20 20 20 20 20 20 20 20 20 20 20 20 20 20 20 19 Average Carried 11 | 6 7 8 9 9 16 19 19 18 19 19 19 19 19 19 19 19 19 19 19 18 Final Capacity 20 | 8 8 10 10 10 20 20 20 20 20 20 20 20 20 20 20 20 20 20 20 20 Final Carried 20 | 6 8 9 7 10 20 20 20 20 20 20 20 20 20 20 20 20 20 20 20 17 Class Distribution -------------------- 89% | Mutant 6% | Scavenger-Mutant Dominant Class ---------------- Mutant | -10/Materials Mutant | -10/Mines Mutant | -10/Exiles Mutant | -9/Mines Mutant | -8/Materials Assassin | -8/Storage Assassin | -8/Recycling Mutant | -6/Factory Mutant | -6/Extension Scavenger-Mutant | -6/Cetus Scavenger-Mutant | -6/Archives Scavenger-Mutant | -6/Hub_04(d) Scavenger-Mutant | -5/Factory Scavenger-Mutant | -4/Factory Scavenger-Mutant | -4/Upper Caves Scavenger-Mutant | -4/Upper Caves Scavenger-Mutant | -3/Research Scavenger-Mutant | -3/Quarantine Scavenger-Gladiator | -2/Research Scavenger-Gladiator | -1/Access Resources | -11 -10 -10 -10 -9 -8 -8 -8 -6 -6 -6 -6 -6 -5 -4 -4 -4 -3 -3 -2 -1 ----------- Run | Scr Mat Min Exi Min Mat Sto Rec Fac Ext Cet Arc Hub Fac Fac Upp Upp Res Qua Res Acc Matter Collected 2677 | 200 25 15 . 30 100 245 30 86 383 221 50 44 44 199 82 26 114 242 346 195 Remotely . | . . . . . . . . . . . . . . . . . . . . . Salvage Created 10011 | . 25 . . 154 804 902 272 429 1491 214 254 265 107 301 96 26 326 1742 1323 1280 Parts 540 | . . . . 8 49 57 6 22 69 6 23 9 15 20 3 8 8 101 56 80 Haulers Intercepted 8 | . . . . . 2 5 . . . . . . . . . . . . 1 . Recyclers Shooed 3 | . . . . . . . . . . . . . . 1 . . . 1 . 1 Parts Field Recycled . | . . . . . . . . . . . . . . . . . . . . . Retrieved Matter . | . . . . . . . . . . . . . . . . . . . . . Parts Self-Destructed 2 | . . . . . . . . . . . . . . . 2 . . . . . Prevented . | . . . . . . . . . . . . . . . . . . . . . Kills | -11 -10 -10 -10 -9 -8 -8 -8 -6 -6 -6 -6 -6 -5 -4 -4 -4 -3 -3 -2 -1 ------- Run | Scr Mat Min Exi Min Mat Sto Rec Fac Ext Cet Arc Hub Fac Fac Upp Upp Res Qua Res Acc Combat Hostiles Destroyed 135 | . . . . 3 12 14 1 6 28 3 . 2 1 6 . 1 3 22 15 18 Melee 100 | . . . . 3 12 9 1 5 17 . . 2 1 2 . 1 3 22 15 7 Cannons 3 | . . . . . . 1 . . . 1 . . . . . . . . . 1 AOE 31 | . . . . . . 4 . . 11 2 . . . 4 . . . . . 10 Classes Destroyed 20 | . 1 . . 1 7 1 1 . 5 . . . . 1 1 1 . 1 . . Worker 10 | . 1 . . . . 2 . . . . . . 1 2 . . . 1 . 3 Builder 8 | . . . . . . 1 . 1 1 . . . 2 1 . . . . . 2 Tunneler 1 | . . . . . . . . . 1 . . . . . . . . . . . Hauler 8 | . . . . . 2 5 . . . . . . . . . . . . 1 . Recycler 8 | . . . . . 1 1 2 . 1 . . . . . . . . 1 . 2 Minesweeper 1 | . . . . . . . . . . . . . . . 1 . . . . . Operator 8 | . . . . . 1 . . . 1 . 4 . . . . . . 1 1 . Drone 1 | . . . . . . . 1 . . . . . . . . . . . . . Watcher 10 | . . . . . 1 2 . 1 1 . . . . . . . . 1 1 3 Swarmer 25 | . . . . 3 1 7 . . 4 . . . . . . . . . . 10 Grunt 42 | . . . . . 5 . . 3 14 . . . . 3 . . 2 6 8 1 Brawler 4 | . . . . . . . . . 2 . . . . 1 . . . . 1 . Duelist 1 | . . . . . . . . . 1 . . . . . . . . . . . Protector 1 | . . . . . . . . . 1 . . . . . . . . . . . Sentry 20 | . . . . . 3 6 . 1 5 . . 1 . 1 . . 1 . 1 1 Specialist 1 | . . . . . . . . . . . . . . . . . . 1 . . Hunter 10 | . . . . . 3 1 . 2 . . . . 1 . . . . 3 . . Programmer 24 | . . . . . . . . . . . . . . 1 . . . 12 5 6 Behemoth 1 | . . . . . . . . . 1 . . . . . . . . . . . Cetus Guard 3 | . . . . . . . . . . 3 . . . . . . . . . . Enhanced Grunt 1 | . . . . . . . . . . . 1 . . . . . . . . . Lightning 1 | . . . . . . . . . . . . 1 . . . . . . . . Master Thief 1 | . . . . . . . . . . . . . . . . 1 . . . . Thug 1 | . . . . . . . . . . . . 1 . . . . . . . . Butcher 1 | . . . . . . . . . . . . 1 . . . . . . . . Best Kill Streak 11 | . 1 . . 2 4 8 1 4 9 2 3 1 2 5 1 1 2 5 3 11 Combat Bots Only 7 | . . . . 2 3 5 1 4 7 2 . 1 1 4 . 1 2 3 3 6 Max Kills in Single Turn 7 | . 1 . . 1 1 7 1 1 3 1 1 2 1 3 1 1 1 1 1 5 Gunslinging . | . . . . . . . . . . . . . . . . . . . . . Exploded 4 | . . . . . . 4 . . 3 1 . . . 2 . . . . . 4 Melee 1 | . . . . 1 1 1 1 1 1 . . 1 1 1 . 1 1 1 1 1 Uniques/NPCs Destroyed 2 | . . . . 1 . . . . . . . . . . . . 1 . . . YI-UF0 (-9/Mines) Revision 17++ (-3/Research) Combat | -11 -10 -10 -10 -9 -8 -8 -8 -6 -6 -6 -6 -6 -5 -4 -4 -4 -3 -3 -2 -1 -------- Run | Scr Mat Min Exi Min Mat Sto Rec Fac Ext Cet Arc Hub Fac Fac Upp Upp Res Qua Res Acc Damage Taken 9881 | . . . . 30 598 354 . 688 1464 175 . 537 251 469 40 28 220 2225 1479 1323 Core 960 | . . . . 30 56 66 . 99 142 . . 114 21 45 . . 21 134 153 79 Absorbed by Shields 2452 | . . . . . . . . 125 221 24 . . . 6 . . 72 549 381 1074 Redirected to Shielding 87 | . . . . . 8 2 . . . . . . . . . . 13 64 . . Regen/Repaired (Parts) 455 | . . . . . . 86 . . . . . . . . . . . 369 . . Core Remaining (%) 86 | 100 . . . 88 . . 77 . . . . 58 97 . . 96 . 81 89 95 Volleys Fired 43 | . . . . . . 2 . . 10 11 . 1 1 2 . . . 1 3 12 Largest 1 | . . . . . . 1 . . 1 1 . 1 1 1 . . . 1 1 1 Hottest 94 | . . . . . . 70 . . 70 69 . 28 . 50 . . . 40 40 94 Shots Fired 43 | . . . . . . 2 . . 10 11 . 1 1 2 . . . 1 3 12 Gun 1 | . . . . . . . . . . . . 1 . . . . . . . . Cannon 13 | . . . . . . 1 . . . 11 . . . . . . . . . 1 Launcher 24 | . . . . . . 1 . . 10 . . . . 2 . . . 1 1 9 Special 5 | . . . . . . . . . . . . . 1 . . . . . 2 2 Kinetic 1 | . . . . . . . . . . . . 1 . . . . . . . . Thermal . | . . . . . . . . . . . . . . . . . . . . . Explosive 13 | . . . . . . 1 . . 10 . . . . 2 . . . . . . Electromagnetic 24 | . . . . . . 1 . . . 11 . . . . . . . 1 1 10 Robot Hit Streak 6 | . . . . . . 1 . . 5 6 . . 5 2 . . . 2 5 2 Robot Miss Streak 7 | . . . . . . 1 . . 5 1 . . . 7 . . . . . 2 Penetration Max . | . . . . . . . . . . . . . . . . . . . . . Secondary Targets . | . . . . . . . . . . . . . . . . . . . . . Shots Hit Robots 523 | . 1 . . 5 42 35 22 24 86 10 7 10 10 17 4 2 27 121 49 51 Core Hits 298 | . . . . 3 16 25 3 8 79 8 5 5 3 33 2 1 7 43 25 32 Critical Kills 1 | . . . . . 1 . . . . . . . . . . . . . . . Critical Parts Destroyed 2 | . . . . . . . . 1 1 . . . . . . . . . . . Critical Strikes 44 | . . . . . 4 2 . 1 8 . . . 1 . . . 3 10 10 5 Smash 3 | . . . . . 1 . . 1 1 . . . . . . . . . . . Sever 41 | . . . . . 3 2 . . 7 . . . 1 . . . 3 10 10 5 Melee Attacks 589 | . 1 . . 7 54 39 29 36 82 . 7 12 12 16 4 3 28 142 59 58 Impact 21 | . 1 . . . 6 5 . 4 5 . . . . . . . . . . . Slashing 528 | . . . . 7 48 34 15 32 55 . 7 10 12 16 4 3 26 142 59 58 Piercing . | . . . . . . . . . . . . . . . . . . . . . Sneak Attacks 90 | . 1 . . 1 8 8 17 1 27 . 5 2 3 3 2 . 6 5 1 . Combat Hostiles 7 | . . . . . . . . . 4 . . 2 . . . . . 1 . . Follow-up Attacks 43 | . . . . . 4 3 . 3 4 . . 2 1 3 1 . 3 19 . . Damage Inflicted 30125 | . 87 . . 240 2309 2162 590 1077 4974 801 729 632 550 1703 294 108 1309 5477 2820 4263 Guns . | . . . . . . . . . . . . . . . . . . . . . Cannons 337 | . . . . . . 26 . . . 277 . . . . . . . . . 34 Explosions 5614 | . . . . . . 279 . . 1955 524 . 233 . 835 . . . 34 51 1703 Melee 24164 | . 87 . . 240 2309 1857 590 1077 3019 . 729 395 550 868 294 108 1309 5437 2769 2526 Ramming 10 | . . . . . . . . . . . . 4 . . . . . 6 . . Kinetic . | . . . . . . . . . . . . . . . . . . . . . Thermal 1613 | . . . . . . . . . . 524 . . . . . . . . . 1089 Explosive 3069 | . . . . . . 279 . . 1955 . . . . 835 . . . . . . Electromagnetic 1269 | . . . . . . 26 . . . 277 . 233 . . . . . 34 51 648 Impact 662 | . 87 . . . 212 103 . 114 146 . . . . . . . . . . . Slashing 23502 | . . . . 240 2097 1754 590 963 2873 . 729 395 550 868 294 108 1309 5437 2769 2526 Piercing . | . . . . . . . . . . . . . . . . . . . . . Highest Corruption 13 | . . . . . . . . 2 . . . 6 . . . . . 13 7 7 Average Corruption 4 | . . . . . . . . 1 . . . 2 . . . . . 3 6 4 Corruption Purged 2 | . . . . . . . . 2 . . . . . . . . . . . . Corruption Blocked . | . . . . . . . . . . . . . . . . . . . . . Effects 33 | . . . . . . . . 2 . . . . . . . . . 9 13 9 Message Errors 5 | . . . . . . . . . . . . . . . . . . 3 1 1 Matter Fused 11 | . . . . . . . . . . . . . . . . . . 2 5 4 Heat Flow Errors 7 | . . . . . . . . . . . . . . . . . . 4 2 1 Energy Discharges 3 | . . . . . . . . 2 . . . . . . . . . . 1 . Data Loss (minor) 6 | . . . . . . . . . . . . . . . . . . . 3 3 Data Loss (major) 1 | . . . . . . . . . . . . . . . . . . . 1 . Overload Shots . | . . . . . . . . . . . . . . . . . . . . . Overflow Damage 2347 | . 72 . . 46 183 153 185 119 205 . 154 30 60 107 113 . 2 415 143 360 Projectiles . | . . . . . . . . . . . . . . . . . . . . . Explosions 167 | . . . . . . 20 . . . . . 11 . . . . . . 6 130 Melee 2180 | . 72 . . 46 183 133 185 119 205 . 154 19 60 107 113 . 2 415 137 230 Knockbacks 1 | . . . . . . 1 . . . . . . . . . . . . . . Impact 1 | . . . . . . 1 . . . . . . . . . . . . . . Kinetic . | . . . . . . . . . . . . . . . . . . . . . Secondary . | . . . . . . . . . . . . . . . . . . . . . Self-Inflicted Damage 224 | . . . . . . . . . 40 . . 98 . . . . . . . 86 Shots 6 | . . . . . . . . . 3 . . 1 . . . . . . . 2 Rammed . | . . . . . . . . . . . . . . . . . . . . . Targets Rammed 2 | . . . . . . . . . . . . 1 . . . . . 1 . . Kicked 2 | . . . . . . . . . . . . 1 . . . . . 1 . . Crushed . | . . . . . . . . . . . . . . . . . . . . . Highest Temperature 466 | . . . . . 26 32 . . 349 210 . . . 1 . . 466 143 207 266 Average Temperature 101 | . . . . . 13 18 . . 128 78 . . . 1 . . 284 68 79 122 Received Heat Transfer 1501 | . . . . 9 198 45 . 191 503 18 . 30 . 102 12 9 18 132 153 81 Effects 2 | . . . . . . . . . . . . . . . . . 2 . . . Shutdowns 1 | . . . . . . . . . . . . . . . . . 1 . . . Damage (minor) 1 | . . . . . . . . . . . . . . . . . 1 . . . Siege Activations . | . . . . . . . . . . . . . . . . . . . . . Robots Corrupted . | . . . . . . . . . . . . . . . . . . . . . Combat Hostiles . | . . . . . . . . . . . . . . . . . . . . . Parts Fried 4 | . . . . . . . . 2 . . . . . . . . . . . 2 Impact Corruptions 5 | . 2 . . . 1 . . 1 1 . . . . . . . . . . . Robots Melted . | . . . . . . . . . . . . . . . . . . . . . Combat Hostiles . | . . . . . . . . . . . . . . . . . . . . . Parts Melted 4 | . . . . . . . . . 1 . . . . . . . 1 . . 2 Heat Transferred 1050 | . . . . . . . . . . 300 . . . . . . . . . 750 Parts Sabotaged . | . . . . . . . . . . . . . . . . . . . . . Parts Stolen 1 | . . . . . . . . . . . . . . . . 1 . . . . Parts Stripped . | . . . . . . . . . . . . . . . . . . . . . Power Chain Reactions 7 | . . . . . . . . . . 2 . . . . . . . . . 5 Missiles Intercepted . | . . . . . . . . . . . . . . . . . . . . . Alert | -11 -10 -10 -10 -9 -8 -8 -8 -6 -6 -6 -6 -6 -5 -4 -4 -4 -3 -3 -2 -1 ------- Run | Scr Mat Min Exi Min Mat Sto Rec Fac Ext Cet Arc Hub Fac Fac Upp Upp Res Qua Res Acc Peak Influence 1075 | . 5 1 . 125 287 431 268 1013 934 1075 547 669 415 451 . . 118 347 531 730 Initial 900 | . . 1 . . 19 12 85 900 338 522 430 191 304 203 . . 33 66 119 280 Average 309 | . 1 1 . 83 94 231 80 865 528 804 508 404 344 263 . . 61 214 275 368 Maximum Alert Level 3 | . . . . . 1 2 1 3 3 3 2 2 2 2 . . . 1 2 3 Low Security (%) 33 | 100 100 100 . 100 86 34 76 . . . . 15 . 8 . . 100 36 34 1 Level 1 39 | . . . . . 13 55 23 . 11 . . 43 85 80 . . . 63 42 72 Level 2 21 | . . . . . . 10 . 25 78 58 100 40 14 10 . . . . 23 23 Level 3 6 | . . . . . . . . 74 10 41 . . . . . . . . . 2 Level 4 . | . . . . . . . . . . . . . . . . . . . . . Level 5 . | . . . . . . . . . . . . . . . . . . . . . High Security . | . . . . . . . . . . . . . . . . . . . . . Max Security . | . . . . . . . . . . . . . . . . . . . . . Squads Dispatched 33 | . . . . . 4 . . 2 4 . . 2 1 1 . . 2 6 4 7 Investigation 8 | . . . . . 3 . . . 1 . . . . . . . 1 1 1 1 Extermination 9 | . . . . . . . . 1 . . . . . 1 . . . 3 2 2 Reinforcement 13 | . . . . . 1 . . 1 2 . . 1 1 . . . 1 2 1 3 Assault 2 | . . . . . . . . . 1 . . . . . . . . . . 1 Garrison 1 | . . . . . . . . . . . . 1 . . . . . . . . Intercept . | . . . . . . . . . . . . . . . . . . . . . Searches Triggered 2 | . . . . . . . . 1 1 . . . . . . . . . . . Construction Impeded 3 | . . . . . . . . . 1 . . . . . . . . . . 2 Haulers Reinforced 1 | . . . . . . . . . . . . . . . . . 1 . . . Active Scanning Responses . | . . . . . . . . . . . . . . . . . . . . . Cargo Convoy Interrupts . | . . . . . . . . . . . . . . . . . . . . . Stealth | -11 -10 -10 -10 -9 -8 -8 -8 -6 -6 -6 -6 -6 -5 -4 -4 -4 -3 -3 -2 -1 --------- Run | Scr Mat Min Exi Min Mat Sto Rec Fac Ext Cet Arc Hub Fac Fac Upp Upp Res Qua Res Acc Distress Signals 13 | . . . . . 2 3 . . . 2 . 1 . . . . 1 2 1 1 Communications Jammed 29 | . . . . . . . . . . . . . . . . . 2 4 23 . Distress Signals 27 | . . . . . . . . . . . . . . . . . . 4 23 . Times Spotted 272 | . . . . 6 29 18 12 8 43 12 7 12 4 9 1 5 4 42 35 25 Peak Tracking Total 11 | . . . . 3 8 7 4 3 11 5 2 9 2 4 1 2 2 5 5 6 Tactical Retreats 18 | . . . . . 2 . . . 1 . . . 1 1 1 . . 7 3 2 Traps | -11 -10 -10 -10 -9 -8 -8 -8 -6 -6 -6 -6 -6 -5 -4 -4 -4 -3 -3 -2 -1 ------- Run | Scr Mat Min Exi Min Mat Sto Rec Fac Ext Cet Arc Hub Fac Fac Upp Upp Res Qua Res Acc Traps Triggered 5 | . . . . . 1 1 . 1 1 . . . . . . . . . 1 . Indirectly . | . . . . . . . . . . . . . . . . . . . . . Trap Hack Attempts 125 | . . . . . . 125 . . . . . . . . . . . . . . Triggered . | . . . . . . . . . . . . . . . . . . . . . Disarmed 1 | . . . . . . 1 . . . . . . . . . . . . . . Reprogrammed 18 | . . . . . 6 12 . . . . . . . . . . . . . . Reused 1 | . . . . . 1 . . . . . . . . . . . . . . . Traps Extracted . | . . . . . . . . . . . . . . . . . . . . . Installed 1 | . . . . . . . . . . . . . . . 1 . . . . . Triggered 1 | . . . . . 1 . . . . . . . . . . . . . . . Machines | -11 -10 -10 -10 -9 -8 -8 -8 -6 -6 -6 -6 -6 -5 -4 -4 -4 -3 -3 -2 -1 ---------- Run | Scr Mat Min Exi Min Mat Sto Rec Fac Ext Cet Arc Hub Fac Fac Upp Upp Res Qua Res Acc Machines Disabled 13 | . . . . . . . 1 . 3 . . 4 . . . . . 3 1 1 Max in Single Turn 4 | . . . . . . . . . 1 . . 4 . . . . . 1 1 1 Garrison Access 1 | . . . . . . . . . . . . . . . . . . 1 . . Network Hub 1 | . . . . . . . . . . . . 1 . . . . . . . . Machines Sabotaged . | . . . . . . . . . . . . . . . . . . . . . Overloaded Fab Kills . | . . . . . . . . . . . . . . . . . . . . . Hacking | -11 -10 -10 -10 -9 -8 -8 -8 -6 -6 -6 -6 -6 -5 -4 -4 -4 -3 -3 -2 -1 --------- Run | Scr Mat Min Exi Min Mat Sto Rec Fac Ext Cet Arc Hub Fac Fac Upp Upp Res Qua Res Acc Machines Accessed 64 | . . . 2 . 8 12 11 2 5 1 . . 3 3 . . 2 11 2 2 Terminals 41 | . . . . . 6 9 5 2 4 1 . . 3 2 . . . 8 . 1 Fabricators 2 | . . . . . . . . . . . . . . . . . 1 . 1 . Repair Stations 6 | . . . . . . 2 . . . . . . . 1 . . . 1 1 1 Recycling Units 9 | . . . . . . 1 6 . 1 . . . . . . . 1 . . . Scanalyzers 2 | . . . . . 1 . . . . . . . . . . . . 1 . . Garrison Access 2 | . . . . . 1 . . . . . . . . . . . . 1 . . Total Hacks 185 | . . . 2 . 24 33 40 6 7 2 . . 8 18 . . 5 29 6 5 Successful 86 | . . . 2 . 8 19 24 2 5 . . . 3 8 . . 2 11 . 2 Failed 99 | . . . . . 16 14 16 4 2 2 . . 5 10 . . 3 18 6 3 Catastrophic 18 | . . . . . 3 . 1 . 1 2 . . . 4 . . . 5 1 1 Database Lockouts . | . . . . . . . . . . . . . . . . . . . . . Manual 74 | . . . 1 . 14 9 19 . 3 1 . . 5 16 . . 3 3 . . Terminals 126 | . . . . . 19 25 23 6 5 2 . . 8 17 . . . 20 . 1 Fabricators 4 | . . . . . . . . . . . . . . . . . 1 . 3 . Repair Stations 17 | . . . . . . 5 . . . . . . . 1 . . . 4 3 4 Recycling Units 26 | . . . . . . 3 17 . 2 . . . . . . . 4 . . . Scanalyzers 5 | . . . . . 2 . . . . . . . . . . . . 3 . . Garrison Access 5 | . . . . . 3 . . . . . . . . . . . . 2 . . Terminal Hacks 53 | . . . 2 . 7 15 11 2 3 . . . 2 5 . . . 5 . 1 Record 2 | . . . 1 . . . . . . . . . . . . . . 1 . . Robot Schematic 1 | . . . . . . . 1 . . . . . . . . . . . . . Robot Analysis 5 | . . . . . . 2 3 . . . . . . . . . . . . . Prototype ID Bank 6 | . . . . . . 4 1 . . . . . . 1 . . . . . . Open Door 9 | . . . . . . 3 . 1 3 . . . . . . . . 1 . 1 Open DSF 1 | . . . . . . . . . . . . . 1 . . . . . . . Level Access Points 1 | . . . . . . . . . . . . . 1 . . . . . . . Branch Access Points 1 | . . . . . 1 . . . . . . . . . . . . . . . Unreport Threat 11 | . . . . . 3 . 4 . . . . . . 3 . . . 1 . . Locate Traps 6 | . . . . . 1 3 . 1 . . . . . . . . . 1 . . Disarm Traps 1 | . . . . . . 1 . . . . . . . . . . . . . . Reprogram Traps 1 | . . . . . 1 . . . . . . . . . . . . . . . Zone Layout 7 | . . . . . 1 2 2 . . . . . . 1 . . . 1 . . EX-Prototype ID Bank 1 | . . . 1 . . . . . . . . . . . . . . . . . Fabricator Hacks 1 | . . . . . . . . . . . . . . . . . 1 . . . Network Status 1 | . . . . . . . . . . . . . . . . . 1 . . . Repair Station Hacks 5 | . . . . . . 2 . . . . . . . . . . . 2 . 1 Scan Component 3 | . . . . . . 1 . . . . . . . . . . . 1 . 1 Repair 2 | . . . . . . 1 . . . . . . . . . . . 1 . . Recycling Unit Hacks 7 | . . . . . . . 5 . 1 . . . . . . . 1 . . . Retrieve Components 7 | . . . . . . . 5 . 1 . . . . . . . 1 . . . Scanalyzer 2 | . . . . . 1 . . . . . . . . . . . . 1 . . Insert Component 2 | . . . . . 1 . . . . . . . . . . . . 1 . . Garrison Access Hacks 1 | . . . . . . . . . . . . . . . . . . 1 . . Seal Access 1 | . . . . . . . . . . . . . . . . . . 1 . . Unauthorized Hacks 16 | . . . . . . 2 8 . 1 . . . 1 2 . . . 2 . . Terminals 8 | . . . . . . 1 2 . 1 . . . 1 2 . . . 1 . . Assimilate 1 | . . . . . . . . . . . . . 1 . . . . . . . Botnet 5 | . . . . . . 1 2 . . . . . . 1 . . . 1 . . Disrupt 2 | . . . . . . . . . 1 . . . . 1 . . . . . . Fabricators . | . . . . . . . . . . . . . . . . . . . . . Repair Stations . | . . . . . . . . . . . . . . . . . . . . . Recycling Units 7 | . . . . . . 1 6 . . . . . . . . . . . . . Mask 1 | . . . . . . 1 . . . . . . . . . . . . . . Tunnel 6 | . . . . . . . 6 . . . . . . . . . . . . . Scanalyzers 1 | . . . . . . . . . . . . . . . . . . 1 . . Researchers 1 | . . . . . . . . . . . . . . . . . . 1 . . Garrison Access . | . . . . . . . . . . . . . . . . . . . . . Data Cores Recovered . | . . . . . . . . . . . . . . . . . . . . . Used . | . . . . . . . . . . . . . . . . . . . . . Hacking Detections 48 | . . . . . 8 11 6 2 3 1 . . 2 3 . . 2 7 2 1 Full Trace Events 5 | . . . . . 2 . . . . . . . . . . . . 1 1 1 Feedback Events . | . . . . . . . . . . . . . . . . . . . . . Feedback Blocked . | . . . . . . . . . . . . . . . . . . . . . Robot Schematics Acquired 1 | . . . . . . . 1 . . . . . . . . . . . . . Robots Built . | . . . . . . . . . . . . . . . . . . . . . Authchips . | . . . . . . . . . . . . . . . . . . . . . Time . | . . . . . . . . . . . . . . . . . . . . . Total Robot Build Rating . | . . . . . . . . . . . . . . . . . . . . . Part Schematics Acquired . | . . . . . . . . . . . . . . . . . . . . . Parts Built . | . . . . . . . . . . . . . . . . . . . . . Authchips . | . . . . . . . . . . . . . . . . . . . . . Time . | . . . . . . . . . . . . . . . . . . . . . Total Part Build Rating . | . . . . . . . . . . . . . . . . . . . . . Parts Repaired 2 | . . . . . . 1 . . . . . . . . . . . 1 . . Time 92 | . . . . . . 38 . . . . . . . . . . . 54 . . Parts Recycled . | . . . . . . . . . . . . . . . . . . . . . Recycled Matter . | . . . . . . . . . . . . . . . . . . . . . Retrieved Matter . | . . . . . . . . . . . . . . . . . . . . . Retrieved Components 9 | . . . . . . . 5 . 3 . . . . . . . 1 . . . Parts Scanalyzed . | . . . . . . . . . . . . . . . . . . . . . Part Schematics Acquired . | . . . . . . . . . . . . . . . . . . . . . Parts Damaged . | . . . . . . . . . . . . . . . . . . . . . Bothacking | -11 -10 -10 -10 -9 -8 -8 -8 -6 -6 -6 -6 -6 -5 -4 -4 -4 -3 -3 -2 -1 ------------ Run | Scr Mat Min Exi Min Mat Sto Rec Fac Ext Cet Arc Hub Fac Fac Upp Upp Res Qua Res Acc Used RIF Installer . | . . . . . . . . . . . . . . . . . . . . . Robots Hacked 4 | . . . . . . . 1 . 1 . . . . . . . 2 . . . Non-combat 1 | . . . . . . . 1 . . . . . . . . . . . . . Combat 3 | . . . . . . . . . 1 . . . . . . . 2 . . . Robot Hacks Applied 5 | . . . . . . . 2 . 1 . . . . . . . 2 . . . parse_system 3 | . . . . . . . . . 1 . . . . . . . 2 . . . no_distress 1 | . . . . . . . 1 . . . . . . . . . . . . . find_recycling 1 | . . . . . . . 1 . . . . . . . . . . . . . Relay Couplers Released 4 | . . . . . . . . . . . . . . . . . . . . 4 Programmers 4 | . . . . . . . . . . . . . . . . . . . . 4 Fabnet Peak Effective % . | . . . . . . . . . . . . . . . . . . . . . Robots Rewired 12 | . . . . . . . 3 . 8 . . 1 . . . . . . . . Allies Hacked 1 | . . . . . . . . . . . . . . . . . . . . 1 Hacks Repelled . | . . . . . . . . . . . . . . . . . . . . . Allies | -11 -10 -10 -10 -9 -8 -8 -8 -6 -6 -6 -6 -6 -5 -4 -4 -4 -3 -3 -2 -1 -------- Run | Scr Mat Min Exi Min Mat Sto Rec Fac Ext Cet Arc Hub Fac Fac Upp Upp Res Qua Res Acc Total Allies 30 | . . 3 . 1 . . 3 . 12 5 . 1 2 . . . . . 2 1 Largest Group 11 | . . 3 3 4 . . 3 3 9 11 11 5 2 2 . . . . 1 1 Highest-Rated Group 767 | . . 40 40 69 . . 61 61 447 767 767 336 163 163 . . . . 178 26 Highest-Rated Ally 178 | . . 16 16 31 . . 27 27 159 159 159 96 137 137 . . . . 178 26 Total Orders 8 | . . . . . . . . . . 3 . . 2 2 . . . . . 1 STAY 5 | . . . . . . . . . . 1 . . 1 2 . . . . . 1 ROAM 1 | . . . . . . . . . . 1 . . . . . . . . . . FOLLOW 2 | . . . . . . . . . . 1 . . 1 . . . . . . . Ally Attacks 256 | . . . . 16 . . 14 1 77 46 26 47 . 5 . . . . 24 . Total Damage 7181 | . . . . 115 . . 47 . 1520 1153 1076 1677 . 297 . . . . 1296 . Kills 45 | . . . . 2 . . 1 . 10 13 4 6 . 1 . . . . 8 . Allies Corrupted 3 | . . . . . . . . . . . . 2 . . . . . . . 1 Allies Melted . | . . . . . . . . . . . . . . . . . . . . . Field Lobotomies 4 | . . . . . . . . . . . . . 1 . . . . . 2 1 Intel | -11 -10 -10 -10 -9 -8 -8 -8 -6 -6 -6 -6 -6 -5 -4 -4 -4 -3 -3 -2 -1 ------- Run | Scr Mat Min Exi Min Mat Sto Rec Fac Ext Cet Arc Hub Fac Fac Upp Upp Res Qua Res Acc Robot Analysis Total 5 | . . . . . . 2 3 . . . . . . . . . . . . . Derelict Logs Recovered 3 | . . . . . . . . . . . . . . . 2 1 . . . . Drone Launches . | . . . . . . . . . . . . . . . . . . . . . Drone Recoveries . | . . . . . . . . . . . . . . . . . . . . . Exploration | -11 -10 -10 -10 -9 -8 -8 -8 -6 -6 -6 -6 -6 -5 -4 -4 -4 -3 -3 -2 -1 ------------- Run | Scr Mat Min Exi Min Mat Sto Rec Fac Ext Cet Arc Hub Fac Fac Upp Upp Res Qua Res Acc Turns Passed 75162 | 5 62 258 64978 119 843 1153 456 534 1188 271 157 103 346 540 333 122 305 1622 939 828 Spaces Moved 60244 | 5 43 212 54094 79 516 614 315 358 678 154 103 64 242 404 291 95 149 930 544 354 Core . | . . . . . . . . . . . . . . . . . . . . . Treads . | . . . . . . . . . . . . . . . . . . . . . Legs 60244 | 5 43 212 54094 79 516 614 315 358 678 154 103 64 242 404 291 95 149 930 544 354 Wheels . | . . . . . . . . . . . . . . . . . . . . . Hover . | . . . . . . . . . . . . . . . . . . . . . Flight . | . . . . . . . . . . . . . . . . . . . . . Fastest Speed 77 | 120 120 120 90 90 90 100 100 108 77 108 108 108 110 110 111 116 116 117 115 117 Average Speed 119 | 120 120 120 120 90 99 100 100 108 107 108 108 108 110 110 111 116 116 117 116 117 Slowest Speed 190 | 120 120 120 190 90 100 100 100 108 108 108 108 110 110 111 111 116 117 117 117 117 Overloaded Moves 8 | . . . . . . . . . 8 . . . . . . . . . . . Propulsion Burnouts . | . . . . . . . . . . . . . . . . . . . . . Robots Hopped . | . . . . . . . . . . . . . . . . . . . . . Cave-ins Triggered . | . . . . . . . . . . . . . . . . . . . . . Teleports 1 | . . . . . . . . . . . . . . . . . . 1 . . Exploration Rate (%) 36 | 2 8 45 71 18 48 84 90 10 67 56 71 10 6 13 39 14 5 79 15 12 Regions Visited 20 Branch Regions 12 Pre-discovered Areas 9 | . . . 1 1 . . 6 . . . . . . . . 1 . . . . Known Exits Taken 15 | . . . . . 1 1 1 1 1 1 1 1 1 1 1 1 1 1 1 . Unknown Exits Taken 5 | 1 1 1 1 1 . . . . . . . . . . . . . . . . Scrap Searched 3 | . . 1 . . . . . . . . . . . . 2 . . . . . Spaces Dug 39 | . . . . 2 8 2 2 8 . . . 1 2 1 . . . 3 4 6 Terrain Destroyed 357 | . . . . 2 8 23 2 8 55 39 . 136 2 39 . . . 3 4 36 Melee 39 | . . . . 2 8 2 2 8 . . . 1 2 1 . . . 3 4 6 Projectile . | . . . . . . . . . . . . . . . . . . . . . AOE 318 | . . . . . . 21 . . 55 39 . 135 . 38 . . . . . 30 Terrain Rammed . | . . . . . . . . . . . . . . . . . . . . . Walls Destroyed . | . . . . . . . . . . . . . . . . . . . . . Machines Disabled . | . . . . . . . . . . . . . . . . . . . . . Actions | -11 -10 -10 -10 -9 -8 -8 -8 -6 -6 -6 -6 -6 -5 -4 -4 -4 -3 -3 -2 -1 --------- Run | Scr Mat Min Exi Min Mat Sto Rec Fac Ext Cet Arc Hub Fac Fac Upp Upp Res Qua Res Acc Total 63119 | 4 52 216 54112 119 800 1112 440 471 1068 247 142 87 307 473 297 104 269 1374 768 657 Wait 1772 | . . 2 5 31 199 296 90 59 260 70 18 . 41 40 . . 80 273 106 202 Move 60223 | 4 42 211 54093 78 515 613 314 357 677 153 102 63 241 403 290 94 148 929 543 353 Hop . | . . . . . . . . . . . . . . . . . . . . . Pick Up 76 | . 2 1 3 3 15 6 2 6 6 2 4 2 3 2 1 1 1 9 3 4 Fast Attach 72 | . 3 . 1 . 7 7 . 4 3 2 2 2 1 1 . 2 6 7 19 5 Attach 42 | . . . . . 2 3 . 5 2 . . 1 2 2 . 1 1 6 6 11 Detach 35 | . 2 . . . 4 6 . 1 . . . . . . . 2 . 3 9 8 Swap 91 | . . 1 2 . 1 13 3 3 21 4 3 4 5 8 1 . 4 12 4 2 Drop 103 | . 2 1 8 . 9 7 2 4 12 5 6 4 3 2 1 1 5 13 16 2 Fire 43 | . . . . . . 2 . . 10 11 . 1 1 2 . . . 1 3 12 Melee 534 | . 1 . . 7 48 34 29 32 77 . 7 9 10 13 3 3 24 120 59 58 Ram . | . . . . . . . . . . . . . . . . . . . . . Kick 2 | . . . . . . . . . . . . 1 . . . . . 1 . . Crush . | . . . . . . . . . . . . . . . . . . . . . Escape Stasis . | . . . . . . . . . . . . . . . . . . . . . Rewire . | . . . . . . . . . . . . . . . . . . . . . Trap 126 | . . . . . . 125 . . . . . . . . 1 . . . . . Miscellaneous . | . . . . . . . . . . . . . . . . . . . . . Route ------- -11/Scrapyard -10/Materials -10/Mines -10/Exiles (discovered 2 exits: [*Min x2]) -9/Mines -8/Materials (discovered 2 exits: *Sto x2) -8/Storage (discovered 2 exits: [*Fac] / *Rec) -8/Recycling -6/Factory -6/Extension (discovered 2 exits: *Fac / *Cet) -6/Cetus (discovered 2 exits: *Fac / *Arc) -6/Archives (discovered 2 exits: *Fac / *Hub) -6/Hub_04(d) -5/Factory (discovered 4 exits: *Fac x4) -4/Factory -4/Upper Caves -4/Upper Caves -3/Research -3/Quarantine -2/Research -1/Access Tau Ceti IV Orbit History --------- Turn | Location | Event 1 | -11/Scrapyard | Discovered new exit (range 3) 6 | -11/Scrapyard | Entered Materials 10 | -10/Materials | Discovered new exit (range 16) 68 | -10/Materials | Entered Mines 168 | -10/Mines | Assisted by bots powering up and referring to "LRC-V3" 304 | -10/Mines | Build established: Mutant 317 | -10/Mines | Deemed a non-threat by the Exiles lab entrance 318 | -10/Mines | Discovered new exit (range 5) 326 | -10/Mines | Entered Exiles 326 | -10/Exiles | Accompanied by 3 allies 344 | -10/Exiles | Discovered new exit (range 15) 356 | -10/Exiles | Met 8R-AWN 373 | -10/Exiles | Met EX-HEX 420 | -10/Exiles | Met EX-DEC 499 | -10/Exiles | Learned location of Zion (-7) 589 | -10/Exiles | Met EX-BIN 65144 | -10/Exiles | Aligned with FarCom system 65145 | -10/Exiles | Given EX-Vault access code 65175 | -10/Exiles | Opened EX-Vault 65181 | -10/Exiles | Found Potential Leg 65184 | -10/Exiles | Found Potential Leg 65187 | -10/Exiles | Found Longsword +1 65192 | -10/Exiles | Found Field Lobotomy Kit 65212 | -10/Exiles | Warned to stay clear of 0b10 Research branches 65285 | -10/Exiles | Discovered new exit (range 14) 65304 | -10/Exiles | Stole three prototypes: Potential Leg, Longsword +1, Field Lobotomy Kit 65304 | -10/Exiles | Entered Mines 65304 | -9/Mines | Accompanied by 3 allies 65306 | -9/Mines | YI-UF0 nonchalantly dropped a Grenade Launcher on the ground 65306 | -9/Mines | Destroyed YI-UF0 65310 | -9/Mines | Found Prototype Launcher 65352 | -9/Mines | Escorted by a lone wolf Derelict 65372 | -9/Mines | Learned location of Storage (-8) 65390 | -9/Mines | Assembled infested the area 65415 | -9/Mines | Discovered new exit (range 10) 65423 | -9/Mines | Entered Materials 65423 | -8/Materials | Evolved 4 slots: Propulsion x1, Utility x3 65553 | -8/Materials | Identified YI-UF0's Doublenader 65931 | -8/Materials | Identified exit to Storage 66266 | -8/Materials | Entered Storage 66599 | -8/Storage | Repaired Carbon-fiber Leg 66645 | -8/Storage | Discovered new exit (range 9) 66909 | -8/Storage | Found Prototype Processor 66909 | -8/Storage | Identified Exp. Targeting Computer 66913 | -8/Storage | Found Exp. Targeting Computer 66971 | -8/Storage | Build established: Assassin 67414 | -8/Storage | Used back door to open Recycling access 67414 | -8/Storage | Discovered new exit (range 5) 67417 | -8/Storage | Identified exit to Recycling 67419 | -8/Storage | Entered Recycling 67517 | -8/Recycling | Spotter reported a threat 67525 | -8/Recycling | Spotter reported a threat 67535 | -8/Recycling | Spotter reported a threat 67564 | -8/Recycling | Spotter reported a threat 67570 | -8/Recycling | Spotter reported a threat 67580 | -8/Recycling | Spotter reported a threat 67588 | -8/Recycling | Spotter reported a threat 67590 | -8/Recycling | Spotter reported a threat 67617 | -8/Recycling | Spotter reported a threat 67621 | -8/Recycling | Spotter reported a threat 67643 | -8/Recycling | Spotter reported a threat 67681 | -8/Recycling | Spotter reported a threat 67688 | -8/Recycling | Spotter reported a threat 67731 | -8/Recycling | Spotter reported a threat 67743 | -8/Recycling | Spotter reported a threat 67750 | -8/Recycling | Spotter reported a threat 67750 | -8/Recycling | Spotter reported a threat 67750 | -8/Recycling | Spotter reported a threat 67768 | -8/Recycling | Spotter reported a threat 67781 | -8/Recycling | Spotter reported a threat 67784 | -8/Recycling | Spotter reported a threat 67785 | -8/Recycling | Discovered new exit (range 15) 67803 | -8/Recycling | Spotter reported a threat 67808 | -8/Recycling | Spotter reported a threat 67809 | -8/Recycling | Spotter reported a threat 67821 | -8/Recycling | Identified exit to Factory 67821 | -8/Recycling | Spotter reported a threat 67834 | -8/Recycling | Spotter reported a threat 67837 | -8/Recycling | Spotter reported a threat 67856 | -8/Recycling | Spotter reported a threat 67862 | -8/Recycling | Spotter reported a threat 67875 | -8/Recycling | Entered Factory 67875 | -6/Factory | Accompanied by 3 allies 67875 | -6/Factory | Evolved 4 slots: Propulsion x2, Utility x2 67877 | -6/Factory | FarCom data flow suspended 68225 | -6/Factory | Search patrols dispatched 68397 | -6/Factory | Discovered new exit (range 10) 68405 | -6/Factory | Identified exit to Extension 68409 | -6/Factory | Entered Extension 68472 | -6/Extension | Build established: Scavenger-Mutant 68759 | -6/Extension | Search patrols dispatched 68861 | -6/Extension | Build established: Mutant 69014 | -6/Extension | Rescued a captive Derelict 69015 | -6/Extension | Rescued a captive Derelict 69127 | -6/Extension | Rescued A7 69152 | -6/Extension | Rescued a captive Derelict 69322 | -6/Extension | Spotted B-75 Beast 69326 | -6/Extension | Spotted B-75 Beast 69334 | -6/Extension | Destroyed B-75 Beast 69344 | -6/Extension | Rewired B-75 Beast 69459 | -6/Extension | First assault squad dispatched 69482 | -6/Extension | Discovered new exit (range 15) 69483 | -6/Extension | Discovered new exit (range 15) 69497 | -6/Extension | Destroyed 7 combat bots 69498 | -6/Extension | Identified exit to Cetus 69597 | -6/Extension | Entered Cetus 69597 | -6/Cetus | Accompanied by 8 allies (A7) 69602 | -6/Cetus | Acquired a Cetus Manufacturing Module code from A7 69629 | -6/Cetus | Spotted Cetus Guard 69629 | -6/Cetus | Spotted Cetus Guard 69630 | -6/Cetus | Spotted Cetus Guard 69630 | -6/Cetus | Spotted Cetus Guard 69633 | -6/Cetus | Destroyed Cetus Guard 69633 | -6/Cetus | Allies destroyed Cetus Guard 69636 | -6/Cetus | Allies destroyed Cetus Guard 69650 | -6/Cetus | Allies destroyed Cetus Guard 69680 | -6/Cetus | Build established: Scavenger-Mutant 69691 | -6/Cetus | Started Cetus Manufacturing Module 69711 | -6/Cetus | Discovered new exit (range 15) 69716 | -6/Cetus | Manufactured an Enhanced Grunt 69741 | -6/Cetus | Manufactured an Enhanced Grunt 69745 | -6/Cetus | Spotted Cetus Guard 69745 | -6/Cetus | Spotted Cetus Guard 69749 | -6/Cetus | Destroyed Cetus Guard 69749 | -6/Cetus | Spotted Cetus Guard 69752 | -6/Cetus | Spotted Cetus Guard 69755 | -6/Cetus | Allies destroyed Cetus Guard 69766 | -6/Cetus | Manufactured an Enhanced Grunt 69768 | -6/Cetus | Allies destroyed Cetus Guard 69769 | -6/Cetus | Destroyed Cetus Guard 69775 | -6/Cetus | Discovered new exit (range 15) 69780 | -6/Cetus | Met Revision 17 69791 | -6/Cetus | Manufactured an Enhanced Grunt 69816 | -6/Cetus | Manufactured an Enhanced Grunt 69822 | -6/Cetus | Identified exit to Archives 69868 | -6/Cetus | Entered Archives 69868 | -6/Archives | Accompanied by 11 allies (A7) 69933 | -6/Archives | Found Prototype Device 69933 | -6/Archives | Identified Exp. Thermal Shield 69946 | -6/Archives | Discovered new exit (range 14) 69999 | -6/Archives | Discovered new exit (range 16) 70018 | -6/Archives | Identified exit to Hub_04(d) 70025 | -6/Archives | Entered Hub_04(d) 70025 | -6/Hub_04(d) | Accompanied by 5 allies 70038 | -6/Hub_04(d) | Discovered new exit (range 7) 70046 | -6/Hub_04(d) | Identified exit to Factory 70088 | -6/Hub_04(d) | Network Hub disabled 70089 | -6/Hub_04(d) | Garrison activated, responded to threat 70093 | -6/Hub_04(d) | Spotted Lightning 70093 | -6/Hub_04(d) | Spotted Lightning 70093 | -6/Hub_04(d) | Spotted Lightning 70097 | -6/Hub_04(d) | Spotted Lightning 70097 | -6/Hub_04(d) | Spotted Lightning 70101 | -6/Hub_04(d) | Allies destroyed Lightning 70105 | -6/Hub_04(d) | Destroyed Lightning 70128 | -6/Hub_04(d) | Entered Factory 70128 | -5/Factory | Evolved 2 slots: Power x1, Utility x1 70344 | -5/Factory | Identified exit to Factory 70385 | -5/Factory | Identified exit to DSF 70404 | -5/Factory | Found Prototype Launcher 70467 | -5/Factory | Assimilated H-71 Marshal with FLK Orb 70474 | -5/Factory | Entered another Factory area 70474 | -4/Factory | Accompanied by 2 allies 70474 | -4/Factory | Evolved 2 slots: Propulsion x1, Utility x1 70696 | -4/Factory | Identified Scatter Rocket Array 70819 | -4/Factory | P-70 Sage assimilated allied Marshal 6a 70968 | -4/Factory | Discovered new exit (range 14) 71013 | -4/Factory | Identified exit to Upper Caves 71014 | -4/Factory | Entered Upper Caves 71113 | -4/Upper Caves | Learned Research emergency access door positions 71206 | -4/Upper Caves | Learned location of 1 exit from Research 71227 | -4/Upper Caves | Discovered new exit (range 5) 71248 | -4/Upper Caves | Identified exit to Upper Caves 71347 | -4/Upper Caves | Entered another Upper Caves area 71347 | -4/Upper Caves | Spotted 2T-EQ6(f) 71347 | -4/Upper Caves | Spotted 0W-PUM(f) 71347 | -4/Upper Caves | Destroyed 0W-PUM(f) 71348 | -4/Upper Caves | Encountered a Master Thief 71350 | -4/Upper Caves | Potential Leg stolen by Master Thief 71457 | -4/Upper Caves | Discovered new exit (range 11) 71466 | -4/Upper Caves | Attracted the attention of an 0b10 outpost 71467 | -4/Upper Caves | Learned location of Armory (-3) 71468 | -4/Upper Caves | Identified exit to Research 71469 | -4/Upper Caves | Entered Research 71469 | -3/Research | Evolved 2 slots: Propulsion x1, Utility x1 71470 | -3/Research | Identified exit to Quarantine 71669 | -3/Research | Revision forces began assault on 0b10 71728 | -3/Research | Met up with Revision 17++ 71764 | -3/Research | Destroyed Revision 17++ 71774 | -3/Research | Entered Quarantine 71816 | -3/Quarantine | Found Alien Artifact 71899 | -3/Quarantine | Repaired Centrium Medium Armor Plating 72003 | -3/Quarantine | Identified Subatomic Replicator 72044 | -3/Quarantine | Found Alien Artifact 72057 | -3/Quarantine | Found Alien Artifact 72067 | -3/Quarantine | Found Alien Artifact 72484 | -3/Quarantine | Discovered new exit (range 3) 72494 | -3/Quarantine | Identified Dimensional Node Initializer 72494 | -3/Quarantine | Initialized slip node 73108 | -3/Quarantine | System corruption reached 10% 73166 | -3/Quarantine | Cryocooling Duct disabled 73181 | -3/Quarantine | Ambient heat levels rising (+20) 73181 | -3/Quarantine | Non-combat units ordered to evacuate 73272 | -3/Quarantine | Found Alien Artifact 73272 | -3/Quarantine | Identified Core Reset Matrix 73272 | -3/Quarantine | Identified Transdimensional Reconstructor 73272 | -3/Quarantine | Identified Hpw. Transdimensional Reconstructor 73272 | -3/Quarantine | Used Core Reset Matrix 73276 | -3/Quarantine | Detected hypermatrix surge 73276 | -3/Quarantine | Sensed 10 artifacts in vicinity 73329 | -3/Quarantine | Met incapacitated Sigix Warrior 73329 | -3/Quarantine | Lockdown squad dispatched 73334 | -3/Quarantine | Acquired the access code to the Sigix quarantine chamber 73336 | -3/Quarantine | Unlocked Sigix quarantine chamber 73391 | -3/Quarantine | Warped through subspace to slip node 73393 | -3/Quarantine | Discovered new exit (range 3) 73394 | -3/Quarantine | Identified exit to Research 73396 | -3/Quarantine | Entered Research 73396 | -2/Research | Evolved 2 slots: Propulsion x1, Utility x1 73759 | -2/Research | Found Prototype Slashing Weapon 73759 | -2/Research | Identified Centrium Greatsword 73782 | -2/Research | Assimilated H-81 Overseer with FLK Orb 73802 | -2/Research | Lost 3 parts (1n2u) 73945 | -2/Research | Assimilated H-81 Overseer with FLK Orb 74010 | -2/Research | Found Prototype Processor 74010 | -2/Research | Identified Exp. Targeting Computer 74059 | -2/Research | Build established: Scavenger-Gladiator 74325 | -2/Research | Discovered new exit (range 9) 74334 | -2/Research | Identified exit to Access 74335 | -2/Research | Entered Access 74335 | -1/Access | Evolved 2 slots: Power x1, Utility x1 74689 | -1/Access | Assimilated O-24 Administrator with FLK Orb 75097 | -1/Access | Build established: Scavenger-Mutant 75114 | -1/Access | First assault squad dispatched 75121 | -1/Access | Discovered new exit (range 6) 75126 | -1/Access | Identified exit to Surface 75163 | *** | Destroyed 0B10! Last Messages --------------- 75114_ ALERT: Significant disruption in Zone 9U, assault force dispatched. 75118_ Connecting with Terminal... >>Open(Door) Sealed Barrier opened. 75121_ The Access Shell folds into the floor. 75121_ EXIT=FOUND 75126_ EXIT=IDENTIFIED: SURFACE 75131_ Terminal disabled. 75134_ System corrupted: Component data lost. 75136_ G-73 Enforcer destroyed. 75147_ U-05 Engineer lays Concrete. 75158_ R-10 Processor collects Corrupted Myomer Leg. 75158_ U-05 Engineer lays Concrete. 75159_ Chain reaction triggered in Corrupted Unknown Reactor. 75159_ Unknown Wheel melted. 75159_ R-10 Processor destroyed. 75159_ U-05 Engineer destroyed. 75159_ Destroyed Unknown Wheel. 75159_ ALERT: Construction progress impeded, dispatching reinforcements to local area. Map ----- +----------------------------------------------------+ | ?????????????????????????????# # #? | | ?????????????????????????????#################"+#? | | ??????????????????????????????????????# #? | | ??????????????????????????????????????# #? | | ??????????????????????????????????????# "" #? | | ??????????????????????????????????????# """ #? | | ??????????????????????????????????????# R" #? | | ??????????????????????????????????????# """ #? | | ??????????????????????????????????????# #? | | ??????????????????????????????????????#! #? | | ?????????? ###############################+###### | | ????????? | | | ?????????? !=% | | ????????????????##### !%! R ###########+###### | | ????????????????????# ! #????????????????? | | ????????????????????# #????????????????? | | ????????????????????# ;?????????????????? | | ????????????????????# #?????????????????? | | ????????????????????# ""#?????????????????? | | ???????????????????## ""##????????????????? | | ???????????????????# #????????????????? | | ???????????????????## ##????????????????? | | ????????????????????# #?????????????????? | | ????????????????????# #?????????????????? | | ????????????????????# #?????????????????? | | ????????????????????# @" #?????????????????? | | ????????????????????# "" #?????????????????? | | ????????????????????# #?????????????????? | | ????????????????????# #?????????????????? | | ????????????????????# #?????????????????? | | ????????????????????#""""""""""#?????????????????? | | ?????????????????????????????????????????????????? | | ?????????????????????????????????????????????????? | | ?????????????????????????????????????????????????? | | ?????????????????????????????????????????????????? | | ?????????????????????????????????????????????????? | | ?????????????????????????????????????????????????? | | ?????????????????????????????????????????????????? | | ?????????????????????????????????????????????????? | | ?????????????????????????????????????????????????? | | ?????????????????????????????????????????????????? | | ?????????????????????????????????????????????????? | | ?????????????????????????????????????????????????? | | ?????????????????????????????????????????????????? | | ?????????????????????????????????????????????????? | | ?????????????????????????????????????????????????? | | ?????????????????????????????????????????????????? | | ?????????????????????????????????????????????????? | | ?????????????????????????????????????????????????? | | ?????????????????????????????????????????????????? | +----------------------------------------------------+ Best States ------------- Heat Dissipation 78 Energy Generation 57 Energy Capacity 830 Matter Stores 300 Matter Capacity 300 Sight Range 20 Robot Scan Range 16 Terrain Scan Density 10 Jamming Range 16 Cloak Strength 3 Armor Coverage 675 Resistance: TH 30 Utility Shielding 66 Weapon Shielding 33 Melee Speed Boost 30 Phase Shifting 10 Evasion (%) 65 Targeting Accuracy 12 Melee Accuracy 14 Target Analysis 12 Core Analysis 6 Armor Integrity Analysis 30 Salvage Targeting 1 Offensive Hacking 24 Defensive Hacking 12 Authchip Count 1 Item Schematics ----------------- None Robot Schematics ------------------ None Fabricated ------------ Nothing Alien Tech Used ----------------- Dimensional Node Initializer Core Reset Matrix Transdimensional Reconstructor Achievements -------------- None Challenges ------------ None Game ------ Seed ContainmentAnalysisBlade Manual? 0 Play Time 03:38:53 Cumulative 1252.5 hours Start 2022.10.29 @ 11:28:03 End 2022.10.29 @ 19:18:23 Sessions 9 Manual Loads 0 Difficulty Rogue Special Mode None Game No. 866 Rogue 862 Adventurer 4 Explorer 0 Win Type 3 Total 137 Types 102/10/8/6/2/1/1/4/3 Lore% 95 Gallery% 98 Achievement% 98 Wizard Run 0 Options --------- ASCII 0 Keyboard 1 Movement Vi Keybinds 0 Fullscreen 0 Font 20/X11 Map View 76x50 Tactical HUD 1 Map Filters NONE Filters NONE Steam 1 RUN: 1d578b35-8137-460d-b6c7-31e047040fd5